Map: Ephemeron LE

Players

Scarlett - Winner!

  • Race: Zerg Zerg
  • Spawn Location: 5:00

Lambo

  • Race: Zerg Zerg
  • League: Master
  • Spawn Location: 11:00

VOD

Have the link to the VOD?

Description

Time

  • Played on: Jan. 14, 2020, 12:15 p.m.
  • Length: 9:25
Show
View Real Time Build Order
Export as new Build Order

Scarlett Zerg - Winner!

Build Orders: Hatch First 

Get SALT Encoding   

  12  0:00  Drone  
  13  0:12  Overlord  
  13  0:17  Drone  
  14  0:30  Drone x2  
  16  0:48  Hatchery  
  15  0:51  Drone  
  15  0:54  Drone  
  17  0:58  Drone  
  17  1:03  Extractor  
  17  1:14  Spawning Pool  
  17  1:17  Drone  
  17  1:21  Drone  
  18  1:28  Drone  
  19  1:38  Drone  
  20  1:49  Drone  
  21  2:00  Queen x2  
  25  2:02  Drone  
  25  2:04  Metabolic Boost  
  25  2:07  Overlord  
  26  2:12  Drone  
  26  2:14  Drone  
  28  2:25  Zergling x2  
  28  2:26  Drone  
  30  2:32  Drone x2  
  30  2:36  Queen  
  34  2:42  Overlord  
  34  2:45  Evolution Chamber  
  34  2:47  Drone  
  34  2:55  Drone  
  34  2:56  Drone  
  36  3:06  Roach Warren  
  36  3:09  Zergling x14  
  42  3:14  Zerg Missile Weapons Level 1  
  42  3:17  Zergling x2  
  43  3:21  Overlord  
  43  3:28  Drone, Overlord  
  44  3:43  Drone x6  
  49  3:52  Hatchery  
  49  3:55  Drone  
  49  3:58  Drone  
  49  3:59  Drone  
  49  4:00  Extractor  
  50  4:09  Roach, Evolution Chamber  
  53  4:10  Roach  
  52  4:19  Roach x4  
  56  4:27  Lair, Drone x4  
  56  4:30  Extractor  
  58  4:36  Roach  
  60  4:40  Overlord  
  60  4:41  Extractor, Overlord  
  60  4:42  Drone  
  59  4:49  Overlord  
  59  4:59  Drone x7  
  66  5:10  Roach  
  66  5:13  Roach x4  
  76  5:26  Zerg Missile Weapons Level 2  
  76  5:28  Overseer  
  76  5:31  Glial Reconstitution, Hatchery  
  75  5:39  Roach, Overlord  
  75  5:40  Overlord  
  79  5:43  Roach x2  
  81  5:51  Roach, Overlord  
  81  5:52  Overlord  
  83  5:59  Roach x2  
  83  6:02  Roach  
  89  6:09  Roach  
  91  6:13  Roach x4  
  99  6:20  Overlord  
  99  6:22  Zerg Ground Armor Level 1  
  99  6:25  Drone x3  
  101  6:31  Ravager  
  102  6:34  Drone  
  102  6:35  Drone  
  104  6:40  Drone x3  
  104  6:45  Drone x5  
  112  6:49  Ravager x3  
  112  6:51  Overlord  
  112  6:54  Extractor  
  114  6:55  Drone  
  114  6:56  Drone  
  114  7:00  Drone  
  117  7:06  Drone  
  117  7:07  Roach x2  
  122  7:10  Roach x3  
  122  7:12  Overlord x3  
  128  7:16  Overlord  
  128  7:18  Roach  
  130  7:24  Roach x4  
  138  7:32  Roach  
  138  7:35  Roach x2, Overlord  
  138  7:36  Roach  
  148  7:40  Roach x2  
  152  7:44  Roach x3  
  152  7:48  Roach x4  
  164  7:58  Roach x4  
  172  8:05  Roach x3  
  168  8:09  Roach x3  
  143  8:15  Roach x3  
  143  8:16  Roach  
  143  8:17  Roach x2  
  145  8:20  Roach x2  
  145  8:26  Roach  
  134  8:31  Roach x2  
  136  8:39  Roach x2  
  136  8:40  Roach x4  
  142  8:41  Roach  
  142  8:42  Roach  
  142  8:44  Ravager x2  
  148  8:49  Extractor  
  148  8:51  Roach  
  148  8:52  Roach x3, Overlord  
  155  9:03  Roach x6  
  167  9:16  Hatchery  
Show
View Real Time Build Order
Export as new Build Order

Lambo Zerg 

Build Orders: Hatch First 

Get SALT Encoding   

  12  0:00  Drone  
  13  0:12  Overlord  
  13  0:17  Drone  
  14  0:31  Drone x2  
  16  0:48  Hatchery  
  15  0:52  Drone  
  15  0:55  Drone  
  17  0:58  Drone  
  17  1:02  Extractor  
  17  1:14  Spawning Pool  
  17  1:17  Drone  
  17  1:20  Drone  
  18  1:28  Drone  
  19  1:38  Drone  
  20  1:50  Drone  
  21  2:00  Queen x2  
  25  2:01  Metabolic Boost  
  25  2:03  Zergling x2  
  25  2:07  Overlord  
  26  2:12  Drone  
  26  2:14  Drone  
  28  2:26  Drone x2  
  30  2:32  Drone  
  31  2:38  Hatchery  
  31  2:44  Drone  
  31  2:46  Overlord  
  31  2:55  Zergling x6  
  34  3:04  Zergling x4  
  36  3:10  Drone  
  36  3:11  Drone x5  
  42  3:16  Evolution Chamber  
  42  3:17  Drone  
  42  3:18  Drone  
  43  3:27  Zergling x2  
  43  3:30  Zergling x2  
  43  3:32  Roach Warren  
  43  3:38  Overlord  
  43  3:39  Zergling x2  
  44  3:46  Overlord, Zerg Missile Weapons Level 1  
  44  3:49  Zergling x2  
  44  3:50  Zergling x2  
  44  3:51  Zergling x2  
  44  3:53  Zergling x2  
  44  3:55  Zergling x2  
  47  3:56  Zergling x2  
  47  4:00  Zergling x4  
  50  4:05  Zergling x4  
  50  4:10  Zergling x2  
  50  4:16  Zergling x8  
  55  4:21  Zergling x6  
  55  4:22  Zergling x2  
  55  4:30  Lair  
  55  4:34  Overlord  
  55  4:35  Drone  
  56  4:41  Hatchery  
  56  4:43  Drone  
  56  4:51  Drone  
  57  4:55  Drone x2  
  57  4:56  Drone x2  
  57  4:57  Drone  
  62  5:02  Drone x3  
  62  5:05  Drone  
  66  5:08  Drone  
  66  5:10  Extractor  
  66  5:11  Extractor  
  65  5:18  Drone  
  66  5:25  Drone  
  66  5:27  Overlord x2  
  67  5:29  Glial Reconstitution  
  67  5:35  Overlord  
  67  5:37  Overlord  
  67  5:41  Overlord  
  67  5:43  Drone  
  67  5:45  Queen, Overlord  
  67  5:49  Drone x3  
  73  5:54  Roach x2  
  77  5:58  Drone x2  
  77  5:59  Drone  
  77  6:00  Drone  
  77  6:01  Zerg Ground Armor Level 1  
  77  6:02  Drone  
  82  6:06  Drone  
  82  6:07  Extractor  
  82  6:08  Roach  
  84  6:12  Roach  
  84  6:15  Roach x2  
  92  6:18  Roach  
  92  6:23  Roach  
  94  6:26  Roach  
  94  6:29  Roach x3  
  94  6:32  Overlord  
  101  6:34  Overlord  
  101  6:36  Roach  
  101  6:38  Overlord  
  105  6:40  Roach  
  105  6:42  Roach  
  105  6:43  Drone  
  108  6:48  Roach  
  108  6:50  Ravager x2  
  108  6:53  Roach  
  108  6:54  Roach x2  
  118  6:56  Roach x2  
  122  7:03  Roach x3  
  122  7:06  Overlord  
  130  7:08  Roach  
  130  7:09  Roach  
  130  7:10  Roach  
  130  7:13  Overlord  
  136  7:15  Roach  
  136  7:19  Roach x2  
  140  7:23  Roach  
  140  7:24  Roach  
  140  7:26  Roach  
  140  7:27  Overlord  
  146  7:33  Roach x3  
  146  7:35  Roach  
  153  7:37  Roach  
  153  7:40  Roach x2  
  153  7:43  Roach  
  161  7:47  Roach x2  
  165  7:54  Roach x2  
  165  7:55  Overlord  
  168  7:59  Overlord  
  168  8:03  Roach  
  153  8:06  Roach  
  153  8:07  Roach x2  
  153  8:08  Roach x2  
  153  8:11  Roach  
  142  8:15  Roach  
  142  8:18  Roach x3  
  129  8:21  Roach x2  
  129  8:23  Roach  
  119  8:28  Roach x2  
  115  8:39  Roach x4  
  104  8:45  Roach x2  
  104  8:47  Roach  
  108  8:53  Roach  
  110  8:56  Roach  
  110  8:57  Roach  
  110  9:00  Ravager  
  115  9:04  Roach  
  115  9:06  Roach  
  121  9:16  Extractor  
  129  9:17  Extractor  
Tags
 
Add a new tag
Caveats
  • Supply blocks, unpowered buildings, or Contaminate may cause inaccurate times.
  • Supply counts are checked every 10 seconds.